 Dungeon Crawl Stone Soup version 0.30.0-5-g1a98f26d00 (webtiles) character file.

Game seed: 3908411686191850740

14158 math4jedi the Cleaver (level 11, -3/99 HPs)
             Began as a Minotaur Berserker on May 11, 2023.
             Was an Elder of Trog.
             Slain by a large slime creature (32 damage)
             ... on level 12 of the Dungeon on May 12, 2023.
             The game lasted 00:36:10 (10162 turns).

math4jedi the Cleaver (Minotaur Berserker)         Turns: 10162, Time: 00:36:10

Health: -3/99      AC: 19    Str: 33    XL:     11   Next: 85%
Magic:  10/10      EV: 16    Int:  4    God:    Trog [****..]
Gold:   383        SH:  0    Dex:  9    Spells: 10/10 levels left

rFire   . . .        a - +5 war axe (freeze)
rCold   . . .        (no shield)
rNeg    . . .        x - +0 plate armour
rPois   .            (helmet restricted)
rElec   .            U - +1 cloak
rCorr   .            P - +0 pair of gloves
SInv    .            j - +0 pair of boots
Will    ++...        T - amulet of faith Stlth
                     B - +5 ring of evasion
HPRegen 1.36/turn    W - +6 ring of strength
MPRegen 0.12/turn

%: faith
@: strong-willed, on berserk cooldown, regenerating, slowed, very slow
A: horns 2, retaliatory headbutt
a: Renounce Religion, Berserk, Trog's Hand, Brothers in Arms


You were on level 12 of the Dungeon.
You worshipped Trog.
Trog was greatly pleased with you.
You visited 1 branch of the dungeon, and saw 12 of its levels.

You collected 1017 gold pieces.
You spent 634 gold pieces at shops.

Inventory:

Hand Weapons
 a - a +5 war axe of freezing (weapon)
 b - a +4 hand axe
 l - a +0 battleaxe
 m - a +1 whip of flaming
 M - a +1 hand axe of protection
Missiles
 o - a curare-tipped dart
 z - 7 poisoned darts (quivered)
 A - 3 atropa-tipped darts
 E - 5 boomerangs
 L - a throwing net
Armour
 j - a +0 pair of boots (worn)
 k - a +0 buckler
 x - a +0 plate armour (worn)
 P - a +0 pair of gloves (worn)
 U - a +1 cloak (worn)
Jewellery
 d - an amulet of the acrobat
 B - a +5 ring of evasion (left hand)
 F - a +5 ring of evasion
 I - a ring of magical power
 S - a +6 ring of dexterity
 T - an amulet of faith (around neck)
 W - a +6 ring of strength (right hand)
Wands
 K - a wand of flame (26)
Scrolls
 c - 3 scrolls of blinking
 g - a scroll of brand weapon
 h - a scroll of poison
 n - 4 scrolls of teleportation
 p - 3 scrolls of enchant weapon
 q - 4 scrolls of fear
 v - 3 scrolls of magic mapping
 w - a scroll of acquirement {unknown}
 y - 3 scrolls of enchant armour
 C - 2 scrolls of vulnerability
 G - 2 scrolls of fog {unknown}
 J - a scroll of noise {unknown}
 O - a scroll of immolation {unknown}
 X - a scroll of silence {unknown}
Potions
 e - a potion of mutation {unknown}
 f - 10 potions of curing
 i - a potion of invisibility {unknown}
 r - 4 potions of haste {unknown}
 s - 5 potions of brilliance
 t - 2 potions of resistance {unknown}
 u - 2 potions of lignification
 D - 2 potions of flight {unknown}
 H - 5 potions of attraction {unknown}
 N - a potion of cancellation {unknown}
 Q - 2 potions of might {unknown}
 R - 2 potions of ambrosia {unknown}
 V - 2 potions of berserk rage {unknown}


   Skills:
 + Level 10.0 Fighting
 - Level 12.0 Axes
 - Level 4.0 Throwing
 + Level 10.0 Armour
 + Level 10.0 Dodging
 - Level 5.0 Shields
 - Level 6.0 Evocations


You had 10 spell levels left.
You didn't know any spells.
Your spell library was empty.

Dungeon Overview and Level Annotations

Branches:
Dungeon (12/15)            Temple (0/1) D:5            Lair (0/5) D:9
    Orc (0/2) D:9

Altars:
Elyvilon
Fedhas
Gozag
Kikubaaqudgha
Makhleb
Okawaru
Qazlal
Sif Muna
Trog
Wu Jian
Xom
Yredelemnul
Zin

Shops:
D:1 (*!(*   D:2 [

Portals:
Trove: D:11 (show abyssal rune of Zot)

Annotations:
D:7 3 runed translucent doors, exclusion: 3 doors, jimonade's ghost, novice DsMo


Innate Abilities, Weirdness & Mutations

You have a pair of horns on your head.
You reflexively headbutt those who attack you in melee.


Message History

The slime creature is severely wounded.
You slash the slime creature! You freeze the slime creature.
The slime creature hits you!
* * * LOW HITPOINT WARNING * * *
You slash the slime creature! You freeze the slime creature.
You feel the power of Trog in you as your rage grows.
You kill the slime creature!
Trog accepts your kill.
You slice the slime creature!! You freeze the slime creature.
You kill the slime creature!
Trog accepts your kill.
Training target 12.0 for Axes reached!
Your Axes skill increases to level 12!
You need to enable at least one skill for training.
You slice the yak!! You freeze the yak. You headbutt the yak.
The yak is severely wounded.
The yak misses you.
You slice the yak!! You freeze the yak.
You kill the yak!
Trog accepts your kill.
You barely miss the yak. You hit the yak. You freeze the yak.
The yak is lightly wounded.
The yak gores you but does no damage.
You slice the yak!! You freeze the yak.
The yak is almost dead.
You slash the large slime creature! You freeze the large slime creature.
The large slime creature hits you but does no damage.
You slash the large slime creature! You freeze the large slime creature.
Your headbutt misses the large slime creature.
The large slime creature is moderately wounded.
You barely miss the yak.
You are no longer berserk.
You are exhausted.
You feel yourself slow down. The yak barely misses you.
You barely miss the large slime creature.
Your headbutt misses the large slime creature.
The large slime creature is moderately wounded.
You closely miss the yak. The large slime creature hits you!!
You die...

...........###...........##
............#.............##
...........................##
............................##
.............................##
....###.......................##
...## ##.......................##
...# #......†.†......#........#
...## #.......(@Y....###J.......
....# #.......###Ju..## ##.......
.............## ##....###........
.............# #.....#......J..
.............## #..............J
..............###......(.......J.
#..............................T.
#...............................
#.......>..............JJ.......


You could see a red ugly thing, a large slime creature and a yak.

Vanquished Creatures
  A boulder beetle (D:11)
  Pikel (D:4)
  An ugly thing (D:11)
  4 cyclopes
  A manticore (D:11)
  An elephant (D:9)
  4 slime creatures (D:12)
  Maggie (D:9)
  A komodo dragon (D:11)
  An unseen horror (D:11)
  2 trolls (D:12)
  A hornet (D:8)
  3 shadows
  A wyvern (D:7)
  Eustachio (D:6)
  15 yaks
  3 basilisks (D:9)
  4 steam dragons (D:8)
  Menkaure (D:5)
  A water moccasin (D:7)
  2 ice beasts
  2 sky beasts
  3 orc warriors
  2 ogres
  2 centaurs
  2 phantoms (D:5)
  A kobold brigand (D:11)
  3 bullfrogs
  A scorpion (D:7)
  15 wights
  15 killer bees
  3 howler monkeys
  2 jellies
  4 hounds
  2 gnoll boudas
  3 orc priests
  6 iguanas
  2 sleepcaps
  8 orc wizards
  8 gnolls
  12 adders
  A shadow imp (D:4)
  4 white imps
  4 worms
  3 dart slugs
  13 orcs
  6 bats
  3 endoplasms
  4 goblins
  9 hobgoblins
  7 jackals
  3 quokkas
  7 ball pythons
  3 frilled lizards
  11 kobolds
  A rat (D:1)
225 creatures vanquished.

Notes
Turn   | Place    | Note
-------+----------+-------------------------------------------
     0 | D:1      | math4jedi the Minotaur Berserker began the quest for the
                  | Orb.
     0 | D:1      | Reached XP level 1. HP: 19/19 MP: 0/0
    67 | D:1      | Found Emmiarus's Distillery.
   148 | D:1      | Reached skill level 4 in Axes
   259 | D:1      | Reached XP level 2. HP: 25/26 MP: 1/1
   314 | D:1      | Found Esiqo's Assorted Antiques.
   352 | D:1      | Found Totearph's Weapon Boutique.
   437 | D:1      | Found Vuwoty's Assorted Antiques.
   445 | D:1      | Bought a metallic white potion for 28 gold pieces
   483 | D:1      | Found Efohuyra's Weapon Shoppe.
   879 | D:1      | Bought a potion of degeneration for 10 gold pieces
   912 | D:2      | Reached skill level 5 in Axes
   912 | D:2      | Reached XP level 3. HP: 20/31 MP: 2/2
  1169 | D:2      | Found Ishiaw's Armour Shoppe.
  1172 | D:2      | Reached ** piety under Trog
  1176 | D:2      | Reached XP level 4. HP: 39/39 MP: 3/3
  1191 | D:2      | Reached skill level 6 in Axes
  1495 | D:1      | Bought a white potion for 19 gold pieces
  1495 | D:1      | Bought a smoky cyan potion for 19 gold pieces
  1495 | D:1      | Bought a scroll labelled BUSAMA GOWKIHO for 22 gold pieces
  1713 | D:3      | Reached XP level 5. HP: 42/46 MP: 4/4
  2049 | D:3      | Found a faded altar of an unknown god.
  2053 | D:3      | Found a bloodstained altar of Trog.
  2208 | D:4      | Noticed Pikel
  2210 | D:4      | Noticed a lemure
  2218 | D:4      | Noticed a lemure
  2222 | D:4      | Noticed a lemure
  2222 | D:4      | Noticed a lemure
  2224 | D:4      | Killed Pikel
  2225 | D:4      | Reached skill level 5 in Fighting
  2225 | D:4      | Reached skill level 5 in Armour
  2225 | D:4      | Reached XP level 6. HP: 57/57 MP: 5/5
  2225 | D:4      | Reached XP level 7. HP: 62/62 MP: 6/6
  2441 | D:4      | Reached skill level 5 in Dodging
  2603 | D:4      | Found an opulent altar of Gozag.
  2688 | D:4      | Identified the staff of poison "Hiczigut" {Fly rPois rF+
                  | Int+2 Stlth+}
  3074 | D:1      | Bought a scroll labelled VALLOT JIMUN for 22 gold pieces
  3074 | D:1      | Bought a scroll labelled ZOTE KUUSEGRIPHEL for 22 gold
                  | pieces
  3074 | D:1      | Bought a scroll labelled VALLOT JIMUN for 22 gold pieces
  3074 | D:1      | Bought a scroll labelled TANUUF KANNUI for 22 gold pieces
  3124 | D:1      | Bought a scroll labelled VOWKIUQUTH for 32 gold pieces
  3124 | D:1      | Bought a scroll labelled ZOTE KUUSEGRIPHEL for 32 gold
                  | pieces
  3222 | D:5      | Entered Level 5 of the Dungeon
  3259 | D:5      | Found an iron altar of Okawaru.
  3307 | D:5      | Reached skill level 1 in Throwing
  3338 | D:5      | Reached XP level 8. HP: 70/70 MP: 7/7
  3363 | D:5      | Reached skill level 7 in Axes
  3510 | D:5      | Found a staircase to the Ecumenical Temple.
  3594 | D:5      | Noticed Menkaure
  3600 | D:5      | Killed Menkaure
  3608 | D:5      | Reached skill level 8 in Axes
  3622 | D:5      | Reached *** piety under Trog
  3963 | D:1      | Bought a scroll labelled FOW TUNEDATUEH for 32 gold pieces
  3963 | D:1      | Bought a scroll labelled VAWA XUTOPEDAL for 32 gold pieces
  4391 | D:6      | Reached XP level 9. HP: 58/78 MP: 8/8
  4450 | D:6      | Found a basalt altar of Yredelemnul.
  4668 | D:6      | Noticed Eustachio
  4691 | D:6      | Killed Eustachio
  4810 | D:6      | Found a blossoming altar of Fedhas.
  5162 | D:7      | Found an ancient bone altar of Kikubaaqudgha.
  5411 | D:7      | Found a burning altar of Makhleb.
  5564 | D:7      | Found a runed translucent gate.
  5564 | D:7      | Found a runed translucent gate.
  5564 | D:7      | Found a runed translucent gate.
  5592 | D:7      | Noticed jimonade's ghost (novice DsMo)
  5635 | D:7      | Found a stormy altar of Qazlal.
  5662 | D:7      | Reached skill level 1 in Evocations
  5862 | D:7      | Reached skill level 9 in Axes
  6170 | D:8      | Reached XP level 10. HP: 77/88 MP: 9/9
  6274 | D:8      | Found a shimmering blue altar of Sif Muna.
  6662 | D:8      | Reached skill level 10 in Axes
  6863 | D:1      | Bought a triangular beryl amulet for 160 gold pieces
  7319 | D:9      | Found a staircase to the Lair.
  7319 | D:9      | Noticed an elephant
  7338 | D:9      | Killed an elephant
  7537 | D:9      | Found a staircase to the Orcish Mines.
  7594 | D:9      | Found a shimmering altar of Xom.
  7831 | D:9      | Found a glowing silver altar of Zin.
  7943 | D:10     | Entered Level 10 of the Dungeon
  7943 | D:10     | Noticed Maggie
  7974 | D:9      | Killed Maggie
  8169 | D:10     | Found an ornate altar of the Wu Jian Council.
  8487 | D:10     | Reached XP level 11. HP: 99/99 MP: 10/10
  8623 | D:11     | Reached **** piety under Trog
  8679 | D:11     | Found a portal to a secret trove of treasure.
  8712 | D:11     | Noticed a boulder beetle
  8738 | D:11     | Killed a boulder beetle
  8879 | D:11     | Reached skill level 10 in Fighting
  8882 | D:11     | Reached skill level 10 in Armour
  8882 | D:11     | Reached skill level 5 in Evocations
  8892 | D:11     | Reached skill level 10 in Dodging
  8996 | D:11     | Found a white marble altar of Elyvilon.
  9378 | D:1      | Bought an onyx ring for 160 gold pieces
  9623 | D:11     | Reached skill level 1 in Shields
  9759 | D:12     | Noticed a cyan ugly thing
  9768 | D:12     | Noticed a red ugly thing
  9786 | D:11     | Killed a cyan ugly thing
 10116 | D:12     | Reached skill level 11 in Axes
 10151 | D:12     | Reached skill level 5 in Shields
 10156 | D:12     | Reached skill level 12 in Axes
 10162 | D:12     | Slain by a large slime creature

Illustrated notes

Levels and vault maps discovered:
D:1:      lightli_arrival_chessboard, layout_basic, serial_shops,
          nicolae_shop_rolling_square, shop, shop, shop, nicolae_square_shop,
          minmay_tromino_mix6
D:2:      layout_rooms, serial_shops, nicolae_shop_window_shopping
D:3:      layout_basic, nicolae_overflow_ecumenical_swirl
D:4:      layout_loops_ring, nicolae_overflow_crystal_walls, uniq_pikel
D:5:      minmay_angry_zag, layout_rooms, mainiacjoe_overflow_tiny_flanked,
          temple_green, uniq_menkaure
D:6:      layout_loops_ring, amcnicky_altar_gilded,
          mainiacjoe_overflow_chevrons, uniq_eustachio
D:7:      layout_loops_corners, old_standard_altar,
          mainiacjoe_overflow_alcove_2, nicolae_kikubaaqudgha_miasma_corner,
          gammafunk_ghost_icy
D:8:      layout_loops_ring, overflow_temple_1_default
D:9:      layout_loops_ring, mainiacjoe_overflow_six_doors_small,
          lemuel_coloured_pillars_altar, david_lair_generic, orc_0_dummy
D:10:     layout_roguey, pdpol_wu_jian_five_deadly_venoms,
          nicolae_elevator_lobby_plus, uniq_maggie
D:11:     layout_rooms, nicolae_trove_entry_columns, elyvilon_altar_1
D:12:     layout_big_octagon

Skill      XL: |  1  2  3  4  5  6  7  8  9 10 11 |
---------------+----------------------------------+-----
Axes           | 4 5 6 8 9 10 12 | 12.0
Armour         | 3 5 6 8 9 10 | 10.0
Fighting       | 4 5 6 8 9 10 | 10.0
Dodging        | 4 6 8 9 10 | 10.0
Throwing       | 1 4 |  4.0
Evocations     | 2 4 6 |  6.0
Shields        | 5 |  5.0

Action                     |  1- 3 |  4- 6 |  7- 9 | 10-12 || total
---------------------------+-------+-------+-------+-------++-------
  Melee: Hand axe          |    59 |    79 |   324 |    50 ||   512
         Headbutt          |    11 |     7 |    53 |    64 ||   135
         Punch             |       |       |     6 |     2 ||     8
         War axe           |       |       |       |   199 ||   199
  Throw: Dart              |       |     2 |     3 |     2 ||     7
 Invoke: Berserk           |     1 |     1 |       |     2 ||     4
         Trog's Hand       |       |     1 |     8 |    10 ||    19
  Evoke: Wand              |       |       |       |     1 ||     1
    Use: Scroll            |       |     1 |     7 |     4 ||    12
         Potion            |       |       |       |     1 ||     1
   Stab: Invisible         |       |       |     1 |       ||     1
 Armour: Animal skin       |     5 |       |       |       ||     5
         Leather armour    |     6 |       |       |       ||     6
         Scale mail        |     1 |    34 |       |       ||    35
         Plate armour      |       |     1 |   139 |    80 ||   220
         Skin              |       |       |       |     4 ||     4
  Dodge: Dodged            |    38 |    28 |   195 |   137 ||   398
